Map: Ice and Chrome LE

Players

Dolan

  • Race: Terran Terran
  • League: Master
  • Spawn Location: 7:00

Creature - Winner!

  • Race: Protoss Protoss
  • Spawn Location: 1:00

Event: The Miserable Cup

VOD

Have the link to the VOD?

Description

Time

  • Played on: June 19, 2020, 11:12 a.m.
  • Length: 12:00

All games in this series

Show
View Real Time Build Order
Export as new Build Order

Dolan Terran 

Build Orders: Cyclone Opening 

Get SALT Encoding   

  12  0:00  SCV  
  13  0:12  SCV  
  14  0:17  Supply Depot  
  14  0:26  SCV  
  15  0:39  SCV  
  15  0:40  Barracks  
  16  0:43  Refinery  
  16  0:51  SCV  
  16  0:52  Refinery  
  17  1:03  SCV  
  18  1:05  Supply Depot  
  18  1:15  SCV  
  19  1:27  Reaper, Orbital Command  
  20  1:41  Factory  
  20  1:53  SCV  
  21  2:05  SCV  
  22  2:15  Command Center  
  22  2:19  SCV  
  22  2:20  Barracks Reactor  
  23  2:35  Factory Tech Lab  
  24  2:37  SCV  
  24  2:45  Starport  
  24  2:49  SCV  
  25  2:54  Cyclone  
  25  2:56  Supply Depot  
  25  2:57  Marine x2  
  30  3:01  SCV  
  31  3:17  Marine x2, SCV  
  34  3:30  SCV  
  34  3:31  Cloaking Field, Banshee  
  38  3:35  Marine x2, Factory Tech Lab  
  40  3:42  SCV  
  41  3:53  Orbital Command  
  41  3:54  SCV  
  41  3:58  Siege Tank  
  41  4:01  Marine x2  
  46  4:04  Supply Depot  
  46  4:08  SCV  
  47  4:13  Banshee  
  50  4:19  Marine x2  
  50  4:20  SCV  
  50  4:21  SCV  
  54  4:26  Supply Depot  
  54  4:30  Siege Tank  
  57  4:34  SCV x2  
  57  4:37  Marine x2  
  61  4:40  Supply Depot  
  61  4:46  SCV  
  61  4:48  SCV  
  48  5:01  Marine x2, Engineering Bay  
  42  5:16  SCV x2  
  43  5:22  Marine x2  
  43  5:26  Raven  
  47  5:28  SCV x2  
  47  5:32  Missile Turret  
  48  5:40  SCV  
  48  5:41  SCV  
  47  5:52  Marine x2  
  47  5:53  SCV x2  
  44  6:08  Siege Tank  
  46  6:17  Marine x2  
  48  6:21  SCV x2  
  50  6:33  SCV x2  
  52  6:41  Supply Depot  
  52  6:45  Barracks, SCV x2  
  52  6:47  Marine, Barracks  
  54  6:48  Marine  
  56  6:55  Terran Infantry Weapons Level 1  
  56  6:58  SCV x2  
  57  7:10  SCV  
  58  7:19  SCV  
  58  7:20  Marine x2  
  58  7:22  SCV  
  62  7:31  SCV  
  62  7:34  SCV  
  62  7:36  Barracks Tech Lab  
  64  7:41  Marine x2  
  64  7:43  SCV  
  67  7:46  SCV  
  67  7:48  Refinery  
  68  7:51  Marine x2  
  68  7:52  Combat Shield, Starport Reactor  
  68  7:53  Factory Reactor  
  68  7:55  SCV  
  68  7:56  Stimpack  
  71  7:58  Marine  
  71  7:59  Marine, SCV  
  71  8:05  Supply Depot  
  74  8:07  SCV  
  74  8:11  SCV  
  76  8:19  SCV  
  77  8:23  SCV  
  77  8:25  Command Center  
  77  8:26  Marine x2, Marauder x2  
  84  8:31  SCV  
  84  8:32  Refinery  
  85  8:35  SCV  
  86  8:41  Medivac  
  86  8:42  Medivac, Widow Mine x2  
  86  8:47  Supply Depot  
  86  8:48  Supply Depot  
  94  8:49  Terran Infantry Armor Level 1  
  94  8:50  SCV x2  
  94  8:51  Marine x2  
  94  8:52  Marauder x2  
  102  8:57  Bunker  
  102  8:58  Supply Depot  
  102  9:04  Barracks  
  102  9:05  Barracks  
  102  9:06  Ghost Academy  
  102  9:10  SCV x2  
  104  9:23  Marine  
  104  9:24  Marine, Marauder x2, SCV  
  110  9:25  SCV  
  112  9:35  Medivac x2, Widow Mine x2  
  112  9:36  Enhanced Shockwaves  
  112  9:37  SCV x2  
  122  9:48  Marine x2  
  122  9:49  Ghost  
  126  9:54  Barracks Reactor, Barracks Tech Lab  
  126  10:01  Orbital Command  
  126  10:02  Refinery  
  126  10:05  Refinery  
  126  10:10  Marine  
  126  10:11  Marine, Ghost  
  126  10:12  Widow Mine x2  
  134  10:15  Ghost  
  134  10:20  SCV x2  
  138  10:22  Marine  
  139  10:28  Marine x2  
  141  10:54  Marine, SCV  
  141  10:55  Marine x2  
  141  10:56  SCV x2  
  140  10:57  Widow Mine x2  
  140  10:59  Medivac  
  140  11:01  Medivac  
  129  11:08  SCV x2  
  110  11:12  Marine x3, Marauder x3  
  110  11:17  Marine  
  87  11:29  Marine x2  
  85  11:33  Marauder  
  85  11:34  Marauder  
Show
View Real Time Build Order
Export as new Build Order

Creature Protoss - Winner!

Build Orders: 1 Gate Expand, Zealot Archon, Archon Drop, Dark Templar Rush 

Get SALT Encoding   

  12  0:00  Probe  
  13  0:13  Probe  
  14  0:19  Pylon  
  14  0:25  Probe  
  15  0:34  Probe  
  15  0:37  Gateway  
  15  0:42  Probe  
  16  0:47  Assimilator  
  17  0:51  Probe  
  18  1:03  Probe  
  19  1:15  Probe  
  20  1:26  Cybernetics Core  
  20  1:33  Nexus  
  20  1:39  Pylon  
  20  1:43  Probe  
  21  1:49  Assimilator  
  21  1:52  Adept  
  21  1:55  Probe  
  22  2:03  Warp Gate  
  24  2:09  Probe  
  25  2:21  Probe  
  26  2:26  Twilight Council  
  26  2:32  Stalker  
  26  2:33  Probe  
  28  2:41  Pylon  
  28  2:43  Probe  
  28  2:45  Probe  
  28  2:51  Probe  
  30  2:53  Probe  
  32  2:59  Probe  
  32  3:04  Probe  
  33  3:09  Dark Shrine  
  33  3:15  Probe  
  33  3:17  Probe  
  35  3:25  Gateway  
  35  3:27  Probe  
  35  3:29  Gateway  
  35  3:30  Probe  
  37  3:39  Robotics Facility  
  37  3:40  Probe  
  38  3:42  Probe  
  39  3:52  Probe  
  39  3:54  Probe  
  41  4:00  Assimilator  
  41  4:03  Assimilator  
  41  4:04  Probe  
  41  4:06  Probe  
  41  4:09  Pylon  
  43  4:16  Probe  
  44  4:18  Warp Prism  
  44  4:19  Probe  
  44  4:22  Dark Templar x2  
  49  4:30  Dark Templar  
  53  4:34  Probe x2  
  53  4:37  Pylon  
  55  4:44  Pylon  
  55  4:46  Probe  
  55  4:49  Probe  
  57  4:55  Observer, Charge  
  57  4:58  Probe  
  59  5:01  Probe  
  60  5:09  Forge, Gateway  
  60  5:10  Probe  
  60  5:12  Gateway  
  57  5:18  Probe  
  58  5:26  Dark Templar x3  
  62  5:35  Probe  
  63  5:38  Protoss Ground Weapons Level 1  
  63  5:42  Probe  
  64  5:50  Nexus  
  64  5:53  Pylon, Immortal  
  64  5:55  Probe  
  65  6:14  Probe  
  66  6:20  Pylon  
  66  6:21  Dark Templar  
  66  6:22  Dark Templar x2  
  66  6:24  Zealot x2  
  76  6:26  Archon x2  
  76  6:32  Blink  
  76  6:37  Gateway  
  76  6:38  Gateway  
  76  6:41  Gateway  
  76  6:43  Immortal  
  76  6:50  Pylon  
  76  6:53  Probe  
  81  7:02  Zealot x5  
  81  7:05  Probe  
  91  7:15  Probe  
  86  7:22  Observer  
  85  7:24  Stalker  
  85  7:25  Stalker x2  
  84  7:37  Photon Cannon  
  84  7:40  Photon Cannon, Protoss Ground Armor Level 1  
  84  7:41  Photon Cannon  
  84  7:48  Probe  
  85  7:51  Probe  
  85  7:52  Probe  
  87  8:01  Probe  
  87  8:03  Probe  
  87  8:04  Probe, Sentry  
  92  8:09  Zealot  
  94  8:13  Probe  
  94  8:15  Probe  
  94  8:16  Probe  
  94  8:17  Pylon  
  96  8:22  Dark Templar x2  
  96  8:23  Zealot  
  101  8:29  Archon  
  101  8:30  Probe  
  101  8:33  Pylon, Probe  
  103  8:35  Probe  
  104  8:53  Zealot x5  
  104  8:54  Zealot  
  116  9:00  Probe x2  
  116  9:02  Pylon  
  118  9:03  Probe  
  118  9:07  Pylon  
  118  9:08  Pylon  
  119  9:22  Zealot x6  
  130  9:31  Probe  
  128  9:33  Probe  
  128  9:37  Probe  
  130  9:40  Templar Archives  
  130  9:41  Zealot x2  
  130  9:43  Assimilator, Probe  
  135  9:52  Probe  
  136  9:58  Probe  
  136  9:59  Assimilator  
  137  10:04  Probe  
  138  10:09  Dark Templar x4  
  138  10:11  Zealot  
  148  10:14  Archon x2  
  148  10:22  Zealot x3  
  154  10:33  Zealot  
  153  10:39  Pylon  
  153  10:42  High Templar x2  
  156  10:46  Archon  
  156  10:47  Zealot x2  
  157  10:51  Pylon  
  98  11:12  Zealot x6  
  98  11:13  Probe  
  80  11:26  Probe  
  80  11:32  Probe  
  78  11:36  Zealot x7  
Tags
 
Add a new tag
Caveats
  • Supply blocks, unpowered buildings, or Contaminate may cause inaccurate times.
  • Supply counts are checked every 10 seconds.